 Dungeon Crawl Stone Soup version 0.28-a0-1567-g1695149f81 (webtiles) character file.

Game seed: 3617034749580189298

2741 comborobin the Poker (level 9, -2/58 HPs)
             Began as an Octopode Cinder Acolyte on Jan 20, 2022.
             Was an Elder of Ignis.
             Slain by a yak (7 damage)
             ... on level 7 of the Dungeon.
             The game lasted 00:07:04 (6941 turns).

comborobin the Poker (Octopode Cinder Acolyte)      Turns: 6941, Time: 00:07:05

Health: -2/58      AC:  1    Str: 14      XL:     9   Next: 68%
Magic:  10/10      EV: 12    Int: 20      God:    Ignis [****..]
Gold:   379        SH:  3    Dex:  9 (11) Spells: 2/10 levels left

rFire   + . .      SeeInvis .   a - +5 trident "Mixkunae" {vamp, Int+4 Stlth+}
rCold   . . .      Faith    .   x - +0 buckler
rNeg    . . .      Spirit   .   (helmet restricted)
rPois   .          Reflect  .   (no amulet)
rElec   .          Harm     .   (no ring)
rCorr   .          Rampage  .   (no ring)
Will    .....                   (no ring)
Stlth   +++.......              (no ring)
HPRegen 0.19/turn               (no ring)
MPRegen 0.12/turn               (no ring)
                                (no ring)
                                (no ring)

@: unable to read
A: almost no armour, amphibious, 8 rings, camouflage 1, gelatinous body 1,
(nimble swimmer 1), tentacles, inability to read while threatened
a: Renounce Religion, Fiery Armour, Foxfire Swarm, Rising Flame


You were on level 7 of the Dungeon.
You worshipped Ignis.
Ignis was greatly pleased with you.
You visited 1 branch of the dungeon, and saw 8 of its levels.

You collected 379 gold pieces.

Inventory:

Hand Weapons
 a - the +5 trident "Mixkunae" (weapon) {vamp, Int+4 Stlth+}
   (You found it on level 3 of the Dungeon)

   It occasionally heals its wielder for a portion of the damage dealt when it
   wounds a living foe.
   Int:       It affects your intelligence (+4).
   Stlth:     It makes you more stealthy.
 d - a +1 morningstar of protection
 u - a +1 hand axe of flaming
Missiles
 n - 27 poisoned darts (quivered)
 w - a throwing net
Armour
 x - a +0 buckler (worn)
Wands
 k - a wand of acid (22)
 l - a wand of flame (14)
 t - a wand of iceblast (10)
Scrolls
 b - a scroll of amnesia
 c - 2 scrolls of enchant armour {unknown}
 e - 3 scrolls of identify
 f - 5 scrolls of teleportation
 m - a scroll of vulnerability {unknown}
 p - 2 scrolls of fog {unknown}
 r - a scroll of fear {unknown}
 s - a scroll of blinking {unknown}
Potions
 g - a potion of heal wounds {unknown}
 h - 2 potions of berserk rage
 i - 2 potions of attraction {unknown}
 j - 4 potions of curing
 o - a potion of cancellation {unknown}
 q - a potion of brilliance
 v - 2 potions of lignification


   Skills:
 - Level 4.2 Fighting
 - Level 3.0 Maces & Flails
 - Level 7.2 Polearms
 - Level 2.7 Dodging
 * Level 1.2 Shields
 - Level 3.2 Unarmed Combat
 - Level 1.0 Spellcasting
 + Level 6.1 Transmutations
 - Level 3.0 Fire Magic
 + Level 6.1 Earth Magic


You had 2 spell levels left.
You knew the following spells:

 Your Spells              Type           Power      Damage    Failure   Level
a - Scorch                Fire           26%        2d6       10%         2
T - Statue Form           Tmut/Erth      16%        N/A       95%         6

Your spell library contained the following spells:

 Spells                   Type           Power      Damage    Failure   Level
 Passwall                 Tmut/Erth      20%        N/A       2%          2
 Summon Small Mammal      Summ           4%         N/A       22%         1
 Ensorcelled Hibernation  Hex/Ice        2%         N/A       34%         2
 Petrify                  Tmut/Erth      25%        N/A       19%         4
 Call Canine Familiar     Summ           1%         N/A       56%         3
 Summon Guardian Golem    Hex/Summ       1%         N/A       56%         3
 Swiftness                Air            1%         N/A       56%         3
 Metabolic Englaciation   Hex/Ice        0%         N/A       99%         5


Dungeon Overview and Level Annotations

Branches:
Dungeon (8/15)             Temple (0/1) D:6
   Lair: D:8-11

Altars:
Dithmenos
Trog
Uskayaw

Shops:
D:7 *


Innate Abilities, Weirdness & Mutations

You cannot wear most types of armour.
You are amphibious.
You can wear up to eight rings at the same time.
Your skin changes colour to match your surroundings (Stealth+).
Your rubbery body absorbs attacks. (AC +1, EV +1)
((You are camouflaged when in or above water. (Stealth+)))
You have tentacles for arms and can constrict up to eight enemies at once.
You sometimes lose the ability to read scrolls when taking damage.


Message History

g - Guard the area. f - Follow me.
Anything else - Cancel.
You shout for attention!
You start waiting.
Done waiting.
You climb downwards.
The yak gores you.
There is a stone staircase leading up here.
Unknown command.
Unknown command.
You hit the yak. Your squeeze misses the yak.
The yak is lightly wounded.
The yak gores you!
You hit the yak.
The yak is lightly wounded.
You block the yak's attack.
You hit the yak.
You feel better.
The yak is moderately wounded.
The yak gores you!
You barely miss the yak. You tentacle-slap the yak. You squeeze the yak.
The yak is heavily wounded.
The yak barely misses you.
You hit the yak but do no damage. Your squeeze misses the yak.
The yak is heavily wounded.
The yak closely misses you. The yak gores you!
You feel threatened and lose the ability to read scrolls!
You hit the yak.
You feel better.
You squeeze the yak, but do no damage.
The yak is severely wounded.
The yak gores you.
You puncture the yak! You squeeze the yak, but do no damage.
The yak is severely wounded.
You closely miss the yak. You tentacle-slap the yak. You squeeze the yak.
The yak is almost dead.
The yak misses you.
You barely miss the yak. Your squeeze misses the yak.
The yak is almost dead.
The yak gores you!
* * * LOW HITPOINT WARNING * * *
The yak gores you!
You die...

#.#
#.........#.#######..
#.#
#.........#..........
#.#
#.........#########..
#.# ####...#### ##. #.#
#.<.# #. #.# #...# #.
#.# #.### #. #.# #Y# #.
#.# #@# ## #.# #.# ###
#.#########.############
#..
#..))...(..............#
#.#
###########.##.#.#####.#
#.. #.........##.# ##.
####.#.##.##.# ##.
#.#.##.##.###..
#.#.#..........


You could see a yak.

Vanquished Creatures
  Prince Ribbit (D:7)
  A yak (D:7)
  2 water moccasins
  Duvessa (D:5)
  An orc warrior (D:7)
  A hornet zombie (D:4)
  2 black bears
  A necrophage (D:3)
  2 centaurs (D:5)
  An ogre (D:4)
  2 kobold brigands
  A bullfrog (D:6)
  2 scorpions
  Dowan (D:5)
  3 killer bees (D:7)
  4 wights
  An electric eel (D:7)
  2 bullfrog zombies (D:6)
  An orc priest (D:6)
  A bullfrog skeleton (D:6)
  4 centaur skeletons
  A hound (D:5)
  2 jellies
  Jessica (D:3)
  A gnoll shaman (D:6)
  4 iguanas
  An orc wizard (D:6)
  3 killer bee zombies
  A hound skeleton (D:4)
  A howler monkey zombie (D:6)
  5 gnolls (D:6)
  A howler monkey skeleton (D:6)
  An adder (D:6)
  A shadow imp (D:6)
  2 worms (D:3)
  2 dart slugs (D:4)
  15 orcs
  4 endoplasms
  3 goblins (D:4)
  7 hobgoblins
  3 jackals (D:3)
  6 quokkas
  4 ball pythons
  3 frilled lizards
  10 kobolds
117 creatures vanquished.

Vanquished Creatures (others)
  61 foxfires
61 creatures vanquished.

Grand Total: 178 creatures vanquished

Notes
Turn   | Place    | Note
-------+----------+-------------------------------------------
     0 | D:1      | comborobin the Octopode Cinder Acolyte began the quest for
                  | the Orb.
     0 | D:1      | Reached XP level 1. HP: 16/16 MP: 2/2
   236 | D:3      | Found a bloodstained altar of Trog.
   532 | D:3      | Noticed Jessica
   538 | D:3      | Killed Jessica
   539 | D:3      | Reached skill level 1 in Maces & Flails
   539 | D:3      | Reached skill level 1 in Dodging
   539 | D:3      | Reached XP level 2. HP: 21/21 MP: 3/3
   539 | D:3      | Reached XP level 3. HP: 26/26 MP: 4/4
   655 | D:3      | Noticed a necrophage
   662 | D:3      | Killed a necrophage
   663 | D:3      | Reached XP level 4. HP: 30/33 MP: 5/5
   663 | D:3      | Reached XP level 5. HP: 34/37 MP: 6/6
  1134 | D:3      | Identified the +5 trident "Mixkunae" {vamp, Int+4 Stlth+}
  1663 | D:4      | Reached skill level 1 in Polearms
  1682 | D:4      | Noticed an ogre
  1687 | D:4      | Killed an ogre
  1688 | D:4      | Reached skill level 2 in Polearms
  1688 | D:4      | Reached XP level 6. HP: 43/43 MP: 7/7
  1813 | D:4      | Found a hide-covered altar of Uskayaw.
  1924 | D:4      | Reached skill level 3 in Polearms
  2342 | D:4      | Learned a level 2 spell: Scorch
  2553 | D:5      | Entered Level 5 of the Dungeon
  2611 | D:5      | Reached skill level 4 in Polearms
  2611 | D:5      | Reached XP level 7. HP: 48/48 MP: 5/8
  2685 | D:5      | Noticed Duvessa
  2688 | D:5      | Noticed Dowan
  2696 | D:5      | Killed Duvessa
  2697 | D:5      | Reached skill level 5 in Polearms
  2697 | D:5      | Killed Dowan
  2781 | D:5      | Reached skill level 6 in Polearms
  2818 | D:5      | Reached XP level 8. HP: 53/54 MP: 9/9
  3038 | D:5      | Found a shadowy altar of Dithmenos.
  3058 | D:6      | Reached skill level 7 in Polearms
  3074 | D:6      | Learned a level 6 spell: Statue Form
  3116 | D:6      | Reached skill level 1 in Transmutations
  3119 | D:6      | Reached skill level 1 in Earth Magic
  3338 | D:6      | Found a staircase to the Ecumenical Temple.
  4092 | D:6      | Reached XP level 9. HP: 58/58 MP: 10/10
  4196 | D:6      | Gained mutation: You sometimes lose the ability to read
                  | scrolls when taking damage. [potion of mutation]
  4328 | D:7      | Found Yfuexeku's Elemental Accessories.
  4887 | D:7      | Reached skill level 5 in Transmutations
  4887 | D:7      | Reached skill level 5 in Earth Magic
  6109 | D:7      | Noticed Prince Ribbit
  6125 | D:7      | Killed Prince Ribbit
  6560 | D:7      | Reached skill level 1 in Shields
  6941 | D:7      | Slain by a yak

Illustrated notes

Levels and vault maps discovered:
D:1:      onia_arrival_mini_spirals, layout_rooms
D:2:      layout_loops_ring, hellmonk_ecumenical_altar_heavens_door
D:3:      layout_basic, marbit_many_paths, uniq_jessica
D:4:      layout_loops_ring, eat_drink_and_be_merry_uskayaw
D:5:      layout_cave_pools, general_overflow_altar, minmay_misc_feat_rugged,
          uniq_duvessa
D:6:      layout_rooms, minmay_temple_entry_mist, minmay_pentangle
D:7:      layout_loops_ring, chequers_serial_rivers_small_a,
          nicolae_elemental_shop, kennysheep_cluttered_room, dk_noncrumbling_2,
          uniq_prince_ribbit1
D:8:      layout_basic, gammafunk_ghost_hydra_chop, uniq_psyche

Skill      XL: |  1  2  3  4  5  6  7  8  9 |
---------------+----------------------------+-----
Maces & Flails | 1 2 3 |  3.0
Dodging        | 1 2 |  2.7
Polearms       | 2 4 6 7 |  7.2
Fighting       | 4 |  4.2
Transmutations | 4 6 |  6.1
Earth Magic    | 4 6 |  6.1
Shields        | 1 |  1.2
Unarmed Combat | |  3.2
Spellcasting   | |  1.0
Fire Magic     | |  3.0

Action                   |  1- 3 |  4- 6 |  7- 9 || total
-------------------------+-------+-------+-------++-------
Melee: Unarmed           |     9 |     3 |       ||    12
       Morningstar       |    17 |    19 |       ||    36
       Constrict         |     4 |    11 |    34 ||    49
       Tentacles         |     2 |    10 |    46 ||    58
       Punch             |     1 |     3 |    11 ||    15
       Trident           |       |    53 |   211 ||   264
Throw: Dart              |       |       |     7 ||     7
 Cast: Scorch            |       |     1 |     2 ||     3
Invok: Foxfire Swarm     |     1 |       |     2 ||     3
       Fiery Armour      |       |       |     1 ||     1
Evoke: Wand              |       |       |     4 ||     4
  Use: Scroll            |     2 |       |     1 ||     3
       Potion            |     1 |     1 |     8 ||    10
 Stab: Sleeping          |       |    12 |     7 ||    19
       Distracted        |       |       |     1 ||     1
Armor: Skin              |     8 |     8 |    11 ||    27
Dodge: Dodged            |     9 |    25 |   103 ||   137
Block: Buckler           |       |       |     1 ||     1

Table legend: (Time is in decaauts)
 A = Elapsed time spent in this place.
 B = Non-inter-level travel time spent in this place.
 C = Inter-level travel time spent in this place.
 D = Time resting spent in this place.
 E = Time spent auto-exploring this place.
 F = Levels seen in this place.
 G = Mean time per level.
                   A        B        C        D        E       F      G
               +--------+--------+--------+--------+--------+-----+--------+
         Total |   6950 |   6780 |    170 |   2283 |   3504 |   8 |  868.8 |
       Dungeon |   6950 |   6780 |    170 |   2283 |   3504 |   8 |  868.8 |
               +--------+--------+--------+--------+--------+-----+--------+

Top non-repeatable levels by time:
     D:7: 2218 daAuts
     D:6: 1639 daAuts
     D:3: 1391 daAuts
     D:4: 1093 daAuts
     D:5: 498 daAuts
     D:1: 52 daAuts
     D:2: 38 daAuts
     D:8: 19 daAuts
